 Dungeon Crawl Stone Soup version 0.27-a0-1228-gfd60fd639a (webtiles) character file.

Game seed: 16066038260899173562

596 rageheart7 the Slasher (level 7, -3/45 HPs)
             Began as a Tengu Berserker on June 8, 2021.
             Was a Believer of Trog.
             Slain by an ice beast (5 damage)
             ... on level 5 of the Dungeon.
             The game lasted 00:05:01 (3559 turns).

rageheart7 the Slasher (Tengu Berserker)            Turns: 3559, Time: 00:05:01

Health: -3/45      AC:  3    Str: 19    XL:     7   Next: 40%
Magic:  8/8        EV: 14    Int:  7    God:    Trog [**....]
Gold:   192        SH:  0    Dex: 14    Spells: 6/6 levels left

rFire    . . .     SeeInvis .   a - +1 falchion (elec)
rCold    + . .     Faith    .   (no shield)
rNeg     . . .     Spirit   .   b - +1 animal skin
rPois    .         Reflect  .   (helmet restricted)
rElec    .         Harm     .   (no cloak)
rCorr    .         Rampage  .   (no gloves)
Will     .....                  (boots unavailable)
Stlth    +.........             (no amulet)
HPRegen  0.15/turn              i - ring of protection from cold
MPRegen  0.11/turn              (no ring)

@: about to teleport, on berserk cooldown, flying quickly and evasively, slowed,
very slow
A: beak, talons 3, nimble flight
a: Renounce Religion, Berserk, Trog's Hand


You were on level 5 of the Dungeon.
You worshipped Trog.
Trog was pleased with you.
You visited 1 branch of the dungeon, and saw 5 of its levels.

You collected 192 gold pieces.

Inventory:

Hand Weapons
 a - a +1 falchion of electrocution (weapon)
 c - a +3 dagger
Armour
 b - a +1 animal skin (worn)
Jewellery
 i - a ring of protection from cold (left hand)
Wands
 j - a wand of paralysis (5)
Scrolls
 d - a scroll of enchant weapon
 g - 2 scrolls of identify


   Skills:
 * Level 5.7 Fighting
 * Level 6.2 Long Blades
 + Level 4.3 Armour
 - Level 2.1 Dodging


You had 6 spell levels left.
You didn't know any spells.
Your spell library was empty.

Dungeon Overview and Level Annotations

Branches:
Dungeon (5/15)
 Temple: D:4-7

Altars:

Shops:
D:3 *


Innate Abilities, Weirdness & Mutations

You have a beak for a mouth.
You have claws for feet.
Your magical nature lets you fly swiftly and evasively.


Message History

You kill the ufetubus!
Trog accepts your kill.
There is an open door here.
The orc closely misses you.
You riposte.
You hit the orc but do no damage. You peck the orc.
The orc is lightly wounded.
You hit the orc. You claw the orc.
The orc is almost dead.
The orc completely misses you.
You riposte.
You hit the orc. Lightning courses through the orc!
You kill the orc!
Trog accepts your kill.
You hit the ogre. You claw the ogre. You peck the ogre.
The ogre is heavily wounded.
The ogre hits you with a +0 giant spiked club!!
Ouch! That really hurt!
The ogre closely misses you.
You hit the ogre. Lightning courses through the ogre!!
You kill the ogre!
Trog accepts your kill. The ice beast hits you. The ice beast freezes you.
You resist.
* * * LOW HITPOINT WARNING * * *
You barely miss the ice beast. You peck the ice beast.
The ice beast is lightly wounded.
The ice beast barely misses you. The ice beast barely misses you.
You hit the ice beast.
Lightning courses through the ice beast!
Your kick misses the ice beast.
The ice beast is almost dead.
The ice beast hits you.
* * * LOW HITPOINT WARNING * * *
The ice beast freezes you. You resist.
* * * LOW HITPOINT WARNING * * *
You aren't carrying any potions.
As you read the scroll of teleportation, it crumbles to dust.
You feel strangely unstable. The ice beast misses you. The ice beast hits you.
* * * LOW HITPOINT WARNING * * *
The ice beast freezes you. You resist.
You die...

#................#.#.#..#.###
#.####..########.#.#.##.#..##
# #..######...............
#......##.###.#........#
##.#...##.# #.######..##
#........# ###..!##.##
#........# #.....#####
#.#####.......#####..#..Y...O
#.......#...@Y.)).#....O#####
######......#####.##...##
##.##### #..##.## #.# ##Y##.#
#.# #..')# #.# ####.# #.# #.#
#.# #.†.# #.....#


You could see an ice beast.

Vanquished Creatures
  An ogre (D:5)
  A scorpion (D:5)
  A water moccasin skeleton (D:5)
  2 hounds
  A bullfrog zombie (D:5)
  3 orc wizards (D:5)
  An iguana (D:4)
  4 gnolls (D:4)
  8 adders
  2 ufetubi (D:5)
  3 dart slugs
  4 orcs (D:5)
  5 endoplasms
  4 giant cockroaches
  3 goblins
  4 hobgoblins
  14 jackals
  6 kobolds
  4 quokkas
  12 ball pythons
  6 bats
  4 frilled lizards
  7 rats
100 creatures vanquished.

Notes
Turn   | Place    | Note
-------+----------+-------------------------------------------
     0 | D:1      | rageheart7 the Tengu Berserker began the quest for the Orb.
     0 | D:1      | Reached XP level 1. HP: 14/14 MP: 2/2
   219 | D:1      | Reached XP level 2. HP: 19/19 MP: 3/3
   317 | D:1      | Reached XP level 3. HP: 16/23 MP: 4/4
   409 | D:1      | You fall into a shaft and drop 1 floor!
   435 | D:2      | Reached ** piety under Trog
   436 | D:2      | Reached skill level 4 in Long Blades
   605 | D:2      | You fall into a shaft and drop 1 floor!
   643 | D:3      | Reached XP level 4. HP: 16/29 MP: 5/5
  1904 | D:3      | Found a faded altar of an unknown god.
  2125 | D:3      | Found Rodu's Assorted Antiques.
  2463 | D:4      | Gained mutation: Your magical nature lets you fly swiftly
                  | and evasively. [Tengu growth]
  2463 | D:4      | Reached XP level 5. HP: 33/33 MP: 6/6
  2830 | D:4      | Reached skill level 5 in Long Blades
  2967 | D:4      | Reached XP level 6. HP: 39/39 MP: 7/7
  3201 | D:5      | Entered Level 5 of the Dungeon
  3237 | D:5      | Reached skill level 5 in Fighting
  3409 | D:5      | Reached XP level 7. HP: 24/44 MP: 8/8
  3527 | D:5      | Reached skill level 6 in Long Blades
  3559 | D:5      | HP: 2/45 [ice beast (1)]
  3559 | D:5      | Slain by an ice beast

Illustrated notes

Levels and vault maps discovered:
D:1:      dpeg_arrival_central, layout_basic, hangedman_feature_mirror
D:2:      layout_rooms
D:3:      layout_loops_ring, basic_ecumenical_altar, serial_shops, shop
D:4:      layout_basic, serial_glass, glass_columns_b, glass_columns_b,
          glass_columns_b, glass_columns_c, glass_columns_c, glass_columns_c,
          grunt_ministairs_13, minivault_25
D:5:      minmay_octagon_keep, layout_loops_ring, serial_shops, shop, uniq_pikel

Skill      XL: |  1  2  3  4  5  6  7 |
---------------+----------------------+-----
Long Blades    | 4 5 6 |  6.2
Fighting       | 4 5 |  5.7
Armour         | 3 4 |  4.3
Dodging        | |  2.1

Action                   |  1- 3 |  4- 6 |  7- 9 || total
-------------------------+-------+-------+-------++-------
Melee: Falchion          |    54 |   113 |    11 ||   178
       Kick              |     9 |    26 |     3 ||    38
       Peck              |    11 |    14 |     4 ||    29
Invok: Berserk           |     4 |     4 |     1 ||     9
       Trog's Hand       |     1 |     5 |       ||     6
  Use: Scroll            |       |     6 |     1 ||     7
       Potion            |       |     7 |       ||     7
 Stab: Sleeping          |       |     3 |       ||     3
Armor: Animal skin       |    13 |    18 |     1 ||    32
Dodge: Dodged            |    30 |    80 |    15 ||   125
       Rpst.: Falchion   |    11 |    24 |     4 ||    39

Table legend: (Time is in decaauts)
 A = Elapsed time spent in this place.
 B = Non-inter-level travel time spent in this place.
 C = Inter-level travel time spent in this place.
 D = Time resting spent in this place.
 E = Time spent auto-exploring this place.
 F = Levels seen in this place.
 G = Mean time per level.
                   A        B        C        D        E       F      G
               +--------+--------+--------+--------+--------+-----+--------+
         Total |   3583 |   3481 |    102 |     58 |   2860 |   5 |  716.6 |
       Dungeon |   3583 |   3481 |    102 |     58 |   2860 |   5 |  716.6 |
               +--------+--------+--------+--------+--------+-----+--------+

Top non-repeatable levels by time:
     D:3: 962 daAuts
     D:1: 879 daAuts
     D:4: 721 daAuts
     D:2: 670 daAuts
     D:5: 349 daAuts
